 Dungeon Crawl Stone Soup version 0.29.1-1-gd02db69 (webtiles) character file.

Game seed: 542676255869484876

4916 Timinator the Martial Artist (level 10, 0/78 HPs)
             Began as a Demigod Transmuter on Dec 24, 2022.
             Slain by an orc warrior
             ... wielding a +0 mace
              (11 damage)
             ... on level 9 of the Dungeon on Dec 31, 2022.
             The game lasted 00:30:50 (10327 turns).

Timinator the Martial Artist (Demigod Transmuter)  Turns: 10327, Time: 00:30:50

Health: 0/78       AC:  7    Str: 15    XL:     10   Next: 6%
Magic:  19/19      EV: 25    Int: 15    God:
Gold:   348        SH:  0    Dex: 22    Spells: 10/17 levels left

rFire   . . .      SeeInvis .     - Unarmed
rCold   . . .      Faith    .   (no shield)
rNeg    + . .      Spirit   .   z - +1 steam dragon scales
rPois   .          Reflect  .   (no helmet)
rElec   .          Harm     .   (no cloak)
rCorr   .          Rampage  .   (no gloves)
Will    +....                   b - +0 pair of boots {Fly}
Stlth   +.........              (no amulet)
HPRegen 0.23/turn               p - ring of the Hare {EV+8}
MPRegen 0.16/turn               i - ring of positive energy

@: silenced, flying
A: high MP 1, forlorn, divine attributes
a: no special abilities


You were on level 9 of the Dungeon.
You visited 1 branch of the dungeon, and saw 9 of its levels.

You collected 425 gold pieces.
You spent 77 gold pieces at shops.

Inventory:

Armour
 b - a +0 pair of boots of flying (worn)
 f - the +18 Lear's hauberk
   (You found it on level 6 of the Dungeon)
 q - an orb of wrath
 y - a +2 robe of the Archmagi
 z - +1 steam dragon scales (worn)
Jewellery
 h - an amulet of guardian spirit
 i - a ring of positive energy (right hand)
 p - the ring of the Hare (left hand) {EV+8}
   (You found it on level 3 of the Dungeon)

   [ring of evasion]

   EV:        It affects your evasion (+8).
Wands
 k - a wand of acid (6)
 r - a wand of paralysis (8)
 t - a wand of flame (28)
 x - a wand of digging (6)
Scrolls
 d - 3 scrolls of immolation
 g - 4 scrolls of amnesia
 j - 3 scrolls of magic mapping {unknown}
 l - 8 scrolls of teleportation
 m - a scroll of butterflies {unknown}
 n - a scroll of silence
 u - a scroll of blinking
 v - a scroll of vulnerability {unknown}
Potions
 a - 2 potions of attraction
 e - 2 potions of flight


   Skills:
 * Level 3.7 Fighting
 - Level 3.0 Armour
 * Level 6.5 Dodging
 * Level 8.2 Unarmed Combat
 + Level 4.1 Spellcasting
 * Level 6.1 Transmutations
 - Level 4.0 Ice Magic


You had 10 spell levels left.
You knew the following spells:

 Your Spells              Type           Power      Damage    Failure   Level
a - Beastly Appendage     Tmut           42%        N/A       1%          1
b - Wereblood             Tmut           21%        N/A       2%          2
c - Ice Form              Ice/Tmut       18%        N/A       22%         4

Your spell library contained the following spells:

 Spells                   Type           Power      Damage    Failure   Level
 Spider Form              Tmut/Pois      12%        N/A       16%         3
 Sublimation of Blood     Necr           3%         N/A       26%         2
 Dazzling Flash           Conj/Hex       6%         N/A       47%         3
 Cause Fear               Hex            1%         N/A       87%         4
 Iskenderun's Mystic Bla  Conj/Tloc      3%         2d3       87%         4
 Starburst                Conj/Fire      1%         6d3       100%        6
 Dragon Form              Tmut           10%        N/A       100%        7
 Summon Hydra             Summ           1%         N/A       100%        7
 Dragon's Call            Summ           1%         N/A       100%        9


Dungeon Overview and Level Annotations

Branches:
Dungeon (9/15)             Temple (0/1) D:4             Orc (0/2) D:9
   Lair: D:8-11

Shops:
D:1 ?   D:5 (   D:8 :


Innate Abilities, Weirdness & Mutations

You have an increased reservoir of magic. (+10% MP)
You shall have no god before yourself.
Your divine heritage dramatically boosts your attributes as you level up.


Message History

Found a staircase to the Orcish Mines.
There is a staircase to the Orcish Mines here.
You reach down and open the door.
An orc warrior and 3 orc priests come into view.
The orc priest shouts! x2
The orc priest miscasts a cantrip.
Found a scroll of blinking and a potion of curing.
The orc priest shouts!
The orc priest calls down the wrath of Beogh upon you.
Beogh smites you!
The orc priest mumbles some strange prayers to Beogh against you.
Beogh smites you!
The orc warrior hits you with a +0 mace.
There is an open door, spattered with blood here.
Okay, then.
As you read the scroll of silence, it crumbles to dust.
A profound silence engulfs you.
The orc warrior hits you with a +0 mace!
* * * LOW HITPOINT WARNING * * *
You cannot cast spells when silenced!
You barely miss the orc warrior.
Unknown command.
Magic scrolls do not work when you're silenced!
The orc priest calls down the wrath of Beogh upon you.
Beogh smites you!
* * * LOW HITPOINT WARNING * * *
You feel better.
The orc priest mumbles some strange prayers to Beogh against you.
Beogh smites you!
* * * LOW HITPOINT WARNING * * *
The orc warrior attacks as you move away!
The orc warrior completely misses you.
You feel better. The orc warrior misses you.
You hit the orc warrior.
The orc warrior is lightly wounded.
You punch the orc warrior!
You punch the orc warrior, but do no damage.
The orc warrior is moderately wounded.
The orc warrior hits you with a +0 mace!
You die...

#.####..)####...##
####<##....##).##...##
......'..8.))...'.8..#
.....##....##..##....##
.....####...####......#
.....# ##........##..#
.....# #+##########.##
.....# #........##...#
.....# ## #@o.....#
.....# ##..##o8....##
+.ooo'......>#
##..##.8....## ##
#.......# .....##...#
########.## ..# ...#


You could see an orc warrior and an orc priest.

Vanquished Creatures
  Maggie (D:7)
  The ghost of Wombat the Chopper, a novice FoFi (D:5)
  Psyche (D:8)
  A troll (D:6)
  A hornet (D:7)
  Prince Ribbit (D:8)
  3 steam dragons
  Duvessa (D:7)
  2 orc warriors (D:9)
  A sky beast (D:7)
  2 black bears (D:7)
  An ogre (D:4)
  2 centaurs
  2 phantoms
  A kobold brigand (D:6)
  5 bullfrogs
  5 scorpions
  A necrophage (D:7)
  Dowan (D:7)
  7 wights
  5 killer bees (D:7)
  A howler monkey (D:8)
  6 hounds
  2 jellies (D:7)
  3 orc priests
  An iguana (D:7)
  6 orc wizards
  3 gnolls
  4 adders
  2 white imps
  An ufetubus (D:6)
  A worm (D:2)
  5 dart slugs
  20 orcs
  6 ball pythons
  6 endoplasms
  3 giant cockroaches (D:2)
  5 goblins
  8 hobgoblins
  4 quokkas
  8 bats
  8 frilled lizards
  14 kobolds
  5 rats
167 creatures vanquished.

Vanquished Creatures (others)
  A gnoll (D:8)
1 creature vanquished.

Grand Total: 168 creatures vanquished

Notes
Turn   | Place    | Note
-------+----------+-------------------------------------------
     0 | D:1      | Timinator the Demigod Transmuter began the quest for the
                  | Orb.
     0 | D:1      | Reached XP level 1. HP: 15/15 MP: 5/5
    72 | D:1      | Reached skill level 1 in Fighting
   368 | D:1      | Reached XP level 2. HP: 15/23 MP: 5/7
   573 | D:1      | Reached skill level 3 in Unarmed Combat
   604 | D:1      | Found Tanef's Magic Scroll Emporium.
  1262 | D:1      | Reached XP level 3. HP: 25/28 MP: 8/8
  2183 | D:2      | Reached skill level 1 in Armour
  2480 | D:1      | Bought a scroll of identify for 22 gold pieces
  2480 | D:1      | Bought a scroll of identify for 22 gold pieces
  2480 | D:1      | Bought a scroll of teleportation for 33 gold pieces
  2706 | D:3      | Found the ring of the Hare {EV+8}
  2855 | D:3      | Reached XP level 4. HP: 29/35 MP: 9/9
  3154 | D:4      | Reached XP level 5. HP: 36/41 MP: 11/11
  3388 | D:4      | Found a staircase to the Ecumenical Temple.
  3745 | D:4      | Reached XP level 6. HP: 47/48 MP: 10/12
  3828 | D:4      | Learned a level 2 spell: Wereblood
  3919 | D:4      | Reached skill level 4 in Unarmed Combat
  4349 | D:5      | Entered Level 5 of the Dungeon
  4422 | D:5      | Found a runed translucent door.
  4427 | D:5      | Noticed Wombat's ghost (novice FoFi)
  4453 | D:5      | Killed Wombat's ghost
  4454 | D:5      | Reached XP level 7. HP: 57/57 MP: 14/14
  4681 | D:5      | Learned a level 4 spell: Ice Form
  4728 | D:5      | Found Xoan's Antique Weapon Boutique.
  5598 | D:6      | Reached skill level 5 in Unarmed Combat
  5598 | D:6      | Reached XP level 8. HP: 52/63 MP: 12/16
  5605 | D:6      | Reached skill level 1 in Ice Magic
  5817 | D:6      | Noticed a troll
  6015 | D:6      | Killed a troll
  6276 | D:6      | Found the +18 Lear's hauberk
  6957 | D:7      | Reached skill level 5 in Dodging
  7135 | D:7      | Reached skill level 6 in Unarmed Combat
  7164 | D:7      | Reached skill level 5 in Transmutations
  7210 | D:7      | Noticed Duvessa
  7210 | D:7      | Noticed Dowan
  7235 | D:7      | Killed Duvessa
  7283 | D:7      | Killed Dowan
  7391 | D:7      | Reached XP level 9. HP: 70/70 MP: 18/18
  7616 | D:7      | Noticed Maggie
  7628 | D:7      | Paralysed by Maggie for 2 turns
  7676 | D:7      | Killed Maggie
  7677 | D:7      | Reached skill level 7 in Unarmed Combat
  8377 | D:8      | Noticed Prince Ribbit
  8814 | D:8      | Killed Prince Ribbit
  8851 | D:8      | Noticed Psyche
  8951 | D:8      | Killed Psyche
  9396 | D:7      | Reached skill level 8 in Unarmed Combat
 10022 | D:8      | Found Baufaus's Book Shoppe.
 10041 | D:8      | Reached XP level 10. HP: 68/77 MP: 19/19
 10305 | D:9      | Found a staircase to the Orcish Mines.
 10322 | D:9      | HP: 3/78 [orc priest/divine providence (13)]
 10327 | D:9      | Slain by an orc warrior

Illustrated notes

Levels and vault maps discovered:
D:1:      eino_arrival_druids_welcome, layout_loops_ring,
          shapermc_ecumenical_altar_mp_ritualfount, serial_shops, shop
D:2:      layout_loops_corners, minmay_pentomino_t2
D:3:      layout_basic, minmay_cut_off
D:4:      layout_loops_ring, minmay_temple_entry_mist, grunt_decor_cap
D:5:      layout_gridville, ebering_ghost_sewer_d, serial_shops, shop
D:6:      layout_loops_cross, hellmonk_guarded_unrand_lears
D:7:      layout_loops_ring, uniq_maggie, uniq_duvessa
D:8:      layout_cave_pools, serial_shops, shop, uniq_prince_ribbit1,
          uniq_psyche
D:9:      layout_basic, david_orc_1_choice, enter_bailey_3,
          hangedman_abyss_or_decor_clamps

Skill      XL: |  1  2  3  4  5  6  7  8  9 |
---------------+----------------------------+-----
Fighting       | 1 2 3 |  3.7
Unarmed Combat | 3 4 5 6 8 |  8.2
Transmutations | 2 3 4 5 6 |  6.1
Dodging        | 2 3 4 5 6 |  6.5
Spellcasting   | 2 3 4 |  4.1
Armour         | 1 2 3 |  3.0
Ice Magic      | 2 4 |  4.0

Action                   |  1- 3 |  4- 6 |  7- 9 | 10-12 || total
-------------------------+-------+-------+-------+-------++-------
Melee: Unarmed           |   127 |   124 |   504 |    17 ||   772
       Headbutt          |    15 |    17 |    28 |     5 ||    65
       Kick              |    21 |    31 |    59 |     4 ||   115
       Punch             |     1 |     3 |    26 |     2 ||    32
 Cast: Beastly Appendage |    24 |    19 |    25 |     2 ||    70
       Wereblood         |       |       |     6 |     1 ||     7
  Use: Scroll            |     3 |     2 |     7 |     1 ||    13
       Potion            |       |     4 |     8 |     2 ||    14
 Stab: Sleeping          |     8 |       |       |       ||     8
       Invisible         |       |       |     3 |       ||     3
Armor: Robe              |    10 |       |       |       ||    10
       Ring mail         |    10 |    12 |     8 |       ||    30
       Skin              |       |    18 |     9 |       ||    27
       Chain mail        |       |       |   138 |       ||   138
       Steam dragon scal |       |       |    12 |     2 ||    14
Dodge: Dodged            |    61 |    71 |   479 |    12 ||   623
